Map: [ESL] Waterfall

Players

Rattata (Vanya) - Winner!

  • Race: Zerg Zerg
  • Spawn Location: 1:00

maru

  • Race: Terran Terran
  • Spawn Location: 7:00

Event: TSL 9

VOD

Have the link to the VOD?

Description

Time

  • Played on: July 30, 2022, 9:44 a.m.
  • Length: 11:51

All games in this series

Show
View Real Time Build Order
Export as new Build Order

Rattata Zerg - Winner!

Build Orders: Hatch First 

Get SALT Encoding   

  12  0:00  Drone  
  13  0:12  Overlord  
  13  0:17  Drone  
  14  0:31  Drone x2  
  16  0:47  Hatchery  
  15  0:51  Drone  
  15  0:55  Drone  
  17  0:57  Drone  
  18  1:08  Extractor  
  17  1:12  Spawning Pool  
  17  1:16  Drone  
  17  1:19  Drone  
  18  1:28  Drone  
  19  1:39  Drone  
  20  1:50  Drone  
  21  1:59  Queen  
  21  2:00  Zergling x2, Queen  
  21  2:01  Zergling x2  
  27  2:11  Overlord  
  27  2:13  Drone  
  28  2:22  Hatchery  
  27  2:25  Drone  
  28  2:30  Drone  
  28  2:32  Drone  
  28  2:33  Drone  
  31  2:42  Queen  
  33  2:47  Overlord  
  33  2:50  Drone  
  34  2:53  Drone  
  34  2:54  Drone  
  36  2:59  Roach Warren  
  36  3:04  Drone  
  36  3:08  Drone x2  
  36  3:11  Drone x2  
  40  3:15  Overlord  
  40  3:20  Queen  
  40  3:24  Overlord  
  41  3:39  Roach x5  
  53  3:41  Roach  
  53  3:45  Roach  
  53  3:47  Roach  
  57  3:49  Roach  
  57  3:53  Overlord  
  59  3:57  Drone x2  
  59  4:00  Drone x2  
  63  4:07  Overlord  
  63  4:08  Drone  
  64  4:10  Queen  
  66  4:17  Drone, Extractor  
  66  4:18  Drone x2  
  66  4:19  Extractor  
  67  4:24  Overlord  
  67  4:28  Drone  
  67  4:31  Evolution Chamber  
  65  4:34  Metabolic Boost  
  65  4:35  Drone x4  
  68  4:44  Drone x3  
  68  4:45  Drone  
  72  4:46  Overlord  
  72  4:49  Roach x2  
  72  4:52  Roach  
  78  5:05  Overlord x2  
  78  5:08  Roach x2  
  78  5:09  Roach x2  
  78  5:10  Zergling x2  
  87  5:21  Overlord, Evolution Chamber  
  79  5:23  Drone x4  
  79  5:29  Spore Crawler  
  77  5:36  Drone x2  
  75  5:45  Ravager x4  
  75  5:47  Zergling x8  
  84  5:51  Ravager  
  84  5:52  Zergling x4  
  84  5:57  Zergling x4  
  89  6:02  Zergling x2, Ravager  
  89  6:03  Zergling x4  
  93  6:09  Zergling x8  
  97  6:16  Ravager  
  97  6:17  Zergling x6  
  101  6:20  Zergling x4  
  101  6:29  Ravager  
  101  6:30  Zergling x10  
  106  6:37  Zergling x8, Ravager  
  109  6:42  Overlord  
  109  6:46  Drone x3  
  106  6:52  Drone  
  93  6:57  Lair  
  93  6:59  Drone x3  
  90  7:01  Drone x2  
  90  7:04  Drone  
  90  7:05  Drone  
  90  7:07  Drone  
  95  7:12  Drone x3  
  98  7:16  Drone x2  
  98  7:19  Drone  
  98  7:22  Evolution Chamber x2  
  100  7:28  Drone x5  
  104  7:32  Extractor x2  
  104  7:34  Drone x3  
  105  7:48  Zerg Missile Weapons Level 1, Hatchery, Zerg Ground Armor Level 1  
  104  7:52  Roach  
  104  7:53  Roach  
  104  7:55  Glial Reconstitution  
  108  8:02  Roach x3  
  114  8:07  Overlord  
  114  8:10  Roach  
  114  8:11  Roach x3  
  122  8:15  Overlord x2  
  121  8:25  Overlord  
  123  8:27  Roach x4  
  123  8:29  Ravager  
  123  8:30  Overseer  
  130  8:37  Roach x4  
  138  8:46  Roach x5  
  148  8:55  Roach x3  
  154  8:56  Overlord x2  
  154  9:02  Ravager x3  
  157  9:07  Overlord x2  
  157  9:08  Zergling x6  
  160  9:15  Zergling x8  
  160  9:16  Zergling x6  
  167  9:23  Zergling x2, Ravager x2  
  168  9:26  Zergling x12  
  168  9:29  Ravager x2  
  176  9:31  Zergling x6  
  139  9:50  Roach x9  
  129  9:54  Roach x3  
  129  9:58  Roach x2  
  131  10:01  Zergling x2  
  131  10:02  Zergling x4  
  136  10:07  Roach x2  
  136  10:09  Roach  
  136  10:10  Roach  
  142  10:17  Roach x3  
  147  10:24  Roach  
  147  10:25  Roach x3  
  153  10:29  Ravager x2  
  153  10:31  Roach x2  
  153  10:32  Ravager  
  160  10:37  Roach x3  
  160  10:42  Roach x2  
  170  10:45  Roach x2  
  174  10:53  Roach x4  
  169  11:02  Roach x4  
  173  11:09  Roach x4  
  173  11:25  Roach x8  
  175  11:32  Overlord  
Show
View Real Time Build Order
Export as new Build Order

maru Terran 

Build Orders: Command Center First (CC), Hellion Opening 

Get SALT Encoding   

  12  0:00  SCV  
  13  0:12  SCV  
  14  0:17  Supply Depot  
  14  0:24  SCV  
  15  0:38  SCV  
  16  0:51  SCV  
  17  1:01  Command Center  
  17  1:04  SCV  
  18  1:15  Barracks  
  18  1:17  SCV  
  19  1:22  Refinery  
  19  1:29  SCV  
  19  1:32  Refinery  
  20  1:41  SCV  
  21  1:53  SCV  
  22  2:03  Marine  
  22  2:05  Orbital Command  
  23  2:12  Factory  
  23  2:14  Orbital Command  
  23  2:22  Barracks Reactor  
  23  2:31  SCV  
  23  2:32  Supply Depot  
  24  2:41  SCV  
  24  2:43  SCV  
  26  2:53  SCV  
  26  2:55  SCV  
  28  2:58  Starport  
  28  3:04  Hellion x2  
  28  3:05  SCV  
  33  3:07  SCV  
  33  3:08  Barracks Tech Lab  
  34  3:15  Supply Depot  
  34  3:17  SCV  
  34  3:19  SCV  
  36  3:25  Hellion x2  
  40  3:29  Concussive Shells  
  40  3:30  Marauder  
  40  3:31  SCV  
  43  3:35  Viking  
  43  3:39  Supply Depot  
  43  3:40  SCV  
  46  3:43  SCV  
  46  3:48  Hellion  
  49  3:49  Hellion  
  49  3:52  SCV  
  49  3:53  Marauder  
  54  3:59  Supply Depot  
  54  4:01  SCV  
  55  4:05  Medivac  
  55  4:09  SCV  
  58  4:12  Hellion x2  
  62  4:19  Stimpack  
  62  4:21  SCV x2  
  62  4:22  Supply Depot  
  64  4:24  Marauder  
  64  4:33  SCV x2  
  66  4:45  Command Center, SCV x2  
  68  4:46  Supply Depot  
  68  4:48  Supply Depot  
  68  4:55  Engineering Bay  
  68  4:56  Engineering Bay  
  68  4:57  SCV x2  
  68  4:58  Refinery  
  70  5:04  Starport Reactor  
  70  5:05  Factory Reactor  
  70  5:11  Barracks  
  70  5:12  Marine  
  70  5:13  SCV  
  72  5:16  Barracks  
  72  5:17  SCV  
  73  5:25  SCV  
  73  5:26  Factory Tech Lab  
  74  5:29  SCV  
  74  5:30  Bunker, Marine  
  74  5:31  Bunker  
  72  5:37  SCV  
  72  5:41  SCV  
  70  5:44  Barracks  
  70  5:45  Barracks, Siege Tank  
  70  5:46  Starport Reactor  
  70  5:48  Marine  
  70  5:49  SCV  
  75  5:53  Terran Infantry Armor Level 1, Terran Infantry Weapons Level 1  
  75  5:58  Orbital Command  
  75  5:59  Combat Shield, Marine x2  
  75  6:03  SCV  
  79  6:04  SCV  
  79  6:06  Marine  
  80  6:12  Barracks Reactor  
  80  6:18  Marine x2  
  80  6:19  Siege Tank  
  80  6:21  SCV  
  80  6:24  Marauder  
  81  6:36  Marine x2  
  83  6:41  Marine  
  83  6:42  Marine  
  83  6:45  Marine  
  83  6:46  Marauder  
  80  6:50  SCV  
  80  6:53  SCV  
  80  6:54  Marine x2  
  66  6:59  Marine  
  66  7:00  Medivac x2  
  68  7:02  SCV  
  68  7:05  SCV  
  68  7:06  SCV  
  71  7:11  Supply Depot  
  71  7:14  Siege Tank  
  71  7:15  SCV  
  75  7:17  SCV  
  75  7:19  Barracks Reactor  
  75  7:20  Marine x3  
  75  7:22  SCV  
  80  7:24  Marine  
  80  7:25  Marine  
  80  7:26  Marine  
  83  7:30  SCV  
  83  7:32  SCV  
  83  7:33  Supply Depot  
  83  7:36  Marauder  
  87  7:40  Medivac x2  
  91  7:46  SCV x2  
  91  7:47  Refinery  
  91  7:50  Supply Depot  
  93  7:51  Supply Depot  
  93  7:54  Orbital Command  
  93  7:55  Supply Depot  
  93  7:56  Marine x4  
  97  8:03  Siege Tank  
  100  8:05  SCV  
  100  8:11  SCV  
  102  8:13  Supply Depot x2  
  102  8:19  Marauder, Marine x7  
  111  8:25  SCV  
  111  8:26  SCV x2  
  114  8:38  SCV x3, Armory  
  117  8:43  Siege Tank  
  117  8:44  Marine  
  121  8:50  SCV x3  
  124  8:56  Marauder, Marine x3  
  124  8:57  Marine  
  130  9:04  SCV x3  
  130  9:05  Supply Depot  
  133  9:12  Marine x3  
  133  9:16  SCV  
  137  9:18  SCV, Marauder  
  138  9:25  Terran Infantry Armor Level 2, Terran Infantry Weapons Level 2  
  138  9:26  Supply Depot x2  
  138  9:28  Terran Vehicle Weapons Level 1  
  137  9:38  Marine  
  137  9:39  Marauder, Marine  
  137  9:40  SCV  
  137  9:43  Marine  
  126  9:45  SCV  
  126  9:47  Marine  
  126  9:50  SCV  
  105  9:58  SCV  
  97  10:01  Marauder  
  97  10:02  Factory, Marine x6  
  97  10:03  Marine  
  105  10:07  Siege Tank  
  108  10:18  Command Center  
  108  10:22  Medivac x2, Marauder  
  108  10:25  Marine x5  
  117  10:31  Refinery x2  
  117  10:34  Sensor Tower  
  117  10:37  Marine x3  
  117  10:42  Siege Tank, Marine  
  123  10:43  Marauder  
  123  10:46  Factory Tech Lab  
  123  10:49  SCV x3  
  126  10:52  Medivac x2  
  125  11:00  Marine x2  
  106  11:05  Marauder  
  98  11:14  Siege Tank  
  98  11:16  Marine x2  
  98  11:17  Marine  
  97  11:26  Marauder, Marine  
  97  11:29  Marine x4  
Tags
 
Add a new tag
Caveats
  • Supply blocks, unpowered buildings, or Contaminate may cause inaccurate times.
  • Supply counts are checked every 10 seconds.